 Dungeon Crawl Stone Soup version 0.25-a0-1133-g93ebf73 (webtiles) character file.

Game seed: 9044979249878790648, levelgen mode: deterministic

178 thirtiethelement the Skirmisher (level 5, -1/94 HPs)
             Began as a Demonspawn Abyssal Knight on May 22, 2020.
             Was a Believer of Lugonu.
             Succumbed to a water moccasin's poison
             ... on level 4 of the Dungeon.
             The game lasted 00:10:07 (1901 turns).

thirtiethelement the Skirmisher (DsAK)              Turns: 1901, Time: 00:10:08

Health: -1/94      AC: 26    Str: 14    XL:     5   Next: 32%
Magic:  15/15      EV:  2    Int: 13    God:    Lugonu [**....]
Gold:   157        SH:  0    Dex: 12    Spells: 4/4 levels left

rFire    . . .     SeeInvis .   a - +1 falchion
rCold    . . .     Gourm    .   (no shield)
rNeg     + + +     Faith    .   (armour currently unavailable)
rPois    +         Spirit   .   (helmet currently unavailable)
rElec    .         Reflect  .   (cloak currently unavailable)
rCorr    .         Harm     .   (gloves currently unavailable)
MR       .....     NoTele   +   (boots currently unavailable)
Stlth    ..........             (no amulet)
HPRegen  0.25/turn              d - +4 ring of protection
MPRegen  0.14/turn              k - ring of magical power

@: berserking, lethally poisoned (-1 -> -16), tree-form, very quick
A: no striking features
a: Depart the Abyss, Bend Space, Renounce Religion


You were on level 4 of the Dungeon.
You worshipped Lugonu.
Lugonu was pleased with you.
You were hungry.
You were a tree.
You visited 1 branch of the dungeon, and saw 4 of its levels.
You visited the Abyss 1 time.

You collected 157 gold pieces.

Inventory:

Hand Weapons
 a - a +1 falchion (weapon)
Armour
 b - a +0 leather armour
 f - a +1 chain mail of cold resistance (melded)
 p - a scarf of harm
 u - a +0 cloak (melded)
Jewellery
 d - a +4 ring of protection (left branch)
 k - a ring of magical power (right branch)
Scrolls
 m - 2 scrolls of remove curse
 q - 2 scrolls of amnesia
 r - a scroll of immolation {unknown}
 s - 3 scrolls of fear
 t - 2 scrolls of enchant armour {unknown}
 v - 3 scrolls of magic mapping
 x - a scroll of teleportation
 y - a scroll of random uselessness {unknown}
Potions
 e - a potion of lignification
 g - a potion of degeneration {unknown}
 h - 2 potions of berserk rage
 i - a potion of ambrosia {unknown}
 j - 4 potions of might
 l - 2 potions of heal wounds {unknown}
 o - a potion of mutation {unknown}
 w - a potion of curing {unknown}
 z - a potion of brilliance {unknown}
 A - a potion of haste {unknown}
Comestibles
 c - 2 rations


   Skills:
 + Level 4.1 Fighting
 + Level 3.9 Long Blades
 + Level 2.1 Armour
 + Level 1.2 Dodging
 + Level 2.6 Invocations


You had 4 spell levels left.
You didn't know any spells.
Your spell library was empty.

Dungeon Overview and Level Annotations

Branches:
Dungeon (4/15)
 Temple: D:4-7

Altars:
Nemelex Xobeh
Ru
Xom


Innate Abilities, Weirdness & Mutations

((You have a pair of small antennae on your head.))
((When seriously injured, your bleeding wounds create armour. (AC +0)))


Message History

You feel sick. The water moccasin bites you.
* * * LOW HITPOINT WARNING * * *
The water moccasin bites you but does no damage.
Unknown command.
It was a potion of berserk rage.
A red film seems to cover your vision as you go berserk!
You feel yourself moving faster!
You feel mighty!
* * * LOW HITPOINT WARNING * * *
You feel sick.
The water moccasin bites you but does no damage.
Unknown command.
You are too berserk!
You completely miss the water moccasin.
The water moccasin is severely wounded.
* * * LOW HITPOINT WARNING * * *
You feel sick.
The water moccasin bites you but does no damage.
You hit the water moccasin.
The water moccasin is almost dead.
You die...

#.................
#.................
#.................
####.................
#.....#....#.........
#.###.#.#..#.....<...
#.# #.#....#.........
#.###.#..S.#.........
#.#......♣.#.........
#.#####....#.........
#..........#.########
####...#...#.
#...#...# #...#...#
#...#...# #...#...#
#...#...#


You could see a water moccasin.

Vanquished Creatures
  Terence (D:2)
  Robin (D:3)
  5 adders
  3 worms (D:3)
  2 dart slugs
  3 leopard geckos
  7 orcs
  2 giant cockroaches (D:1)
  20 goblins
  8 hobgoblins
  2 jackals (D:1)
  2 kobolds (D:2)
  A quokka (D:2)
  A ball python (D:1)
  7 bats
  2 frilled lizards (D:1)
  7 rats
74 creatures vanquished.

Notes
Turn   | Place    | Note
-------+----------+-------------------------------------------
     0 | Abyss:1  | thirtiethelement the Demonspawn Abyssal Knight began the
                  | quest for the Orb.
     0 | Abyss:1  | Reached XP level 1. HP: 18/18 MP: 2/2
    48 | Abyss:2  | Noticed a large abomination
    54 | Abyss:2  | Noticed a rakshasa
    63 | Abyss:3  | Found a corrupted altar of Lugonu.
    66 | Abyss:3  | Noticed a sixfirhy
    70 | D:1      | Escaped the Abyss
   370 | D:1      | Gained mutation: You have a pair of small antennae on your
                  | head. [demonic ancestry]
   370 | D:1      | Reached XP level 2. HP: 23/24 MP: 3/3
   379 | D:1      | Reached * piety under Lugonu
   392 | D:1      | Reached skill level 1 in Dodging
   533 | D:1      | Found a shimmering altar of Xom.
   599 | D:2      | Gained mutation: When seriously injured, your bleeding
                  | wounds create armour. (AC +0) [demonic ancestry]
   599 | D:2      | Reached XP level 3. HP: 20/30 MP: 4/4
   932 | D:2      | Reached skill level 4 in Fighting
  1074 | D:2      | Found a sparkling altar of Nemelex Xobeh.
  1181 | D:2      | Noticed Terence
  1210 | D:2      | Killed Terence
  1210 | D:2      | Reached XP level 4. HP: 36/37 MP: 5/5
  1229 | D:2      | Found a sacrificial altar of Ru.
  1418 | D:3      | Noticed Robin
  1443 | D:3      | Killed Robin
  1447 | D:3      | Reached ** piety under Lugonu
  1549 | D:3      | Reached XP level 5. HP: 30/42 MP: 6/6
  1883 | D:4      | Noticed a water moccasin
  1898 | D:4      | HP: 2/63 [water moccasin (4)]
  1901 | D:4      | Succumbed to a water moccasin's poison

Illustrated notes

Levels and vault maps discovered:
D:1:      psy_arrival_dodecagon, layout_rooms, chequers_serial_rivers_small_3,
          xom_teletrap_fun
D:2:      layout_rooms, lemuel_crystal_altar, glass_columns_a,
          nicolae_ru_sacrificial_ziggurat, uniq_terence
D:3:      layout_rooms, uniq_robin
D:4:      layout_basic, minivault_14, amethyst_killhole, moated_statue

Skill      XL: |  1  2  3  4 |
---------------+-------------+-----
Dodging        | 1 |  1.2
Long Blades    | 2 3 |  3.9
Fighting       | 4 |  4.1
Armour         | 2 |  2.1
Invocations    | |  2.6

Action                   |  1- 3 |  4- 6 || total
-------------------------+-------+-------++-------
Melee: Falchion          |   152 |   158 ||   310
Invok: Depart the Abyss  |     1 |       ||     1
  Use: Scroll            |     2 |     5 ||     7
       Potion            |       |     2 ||     2
  Eat: Ration            |       |     1 ||     1
Armor: Chain mail        |   190 |   133 ||   323
       Skin              |       |     5 ||     5
Dodge: Dodged            |    76 |    57 ||   133
       Rpst.: Falchion   |    26 |    15 ||    41

Table legend:
 A = Non-vault XP
 B = Vault XP
 C = Vault XP percentage of total XP
 D = Non-vault monster count
 E = Vault monster count
 F = Vault count percentage of total count
                 A         B        C        D         E       F
            +---------+---------+-------+---------+---------+-------
      Total |     181 |      74 |  29.0 |      61 |      13 |  17.6
            +---------+---------+-------+---------+---------+-------
        D:1 |      39 |       0 |   0.0 |      22 |       0 |   0.0
        D:2 |      56 |      36 |  39.1 |      15 |       1 |   6.2
        D:3 |      74 |      38 |  33.9 |      20 |      12 |  37.5
        D:4 |      12 |       0 |   0.0 |       4 |       0 |   0.0
            +---------+---------+-------+---------+---------+-------
